 Dungeon Crawl Stone Soup version 0.29.1-15-g9cfb28693d (webtiles) character file.

Game seed: 9191897082761283702

14 Edyrem the Digger (level 2, 0/15 HPs)
             Began as a Gargoyle Earth Elementalist on May 9, 2023.
             Slain by a gnoll
             ... wielding a +0 flail
              (6 damage)
             ... on level 2 of the Dungeon.
             The game lasted 00:02:31 (1216 turns).

Edyrem the Digger (Gargoyle Earth Elementalist)     Turns: 1216, Time: 00:02:32

Health: 0/15       AC:  5    Str: 11    XL:     2   Next: 45%
Magic:  3/5        EV: 15    Int: 15    God:
Gold:   44         SH:  0    Dex: 10    Spells: 4/5 levels left

rFire   . . .      SeeInvis .   k - staff of earth
rCold   . . .      Faith    .   (no shield)
rNeg    + . .      Spirit   .   a - +0 robe
rPois   ∞          Reflect  .   (no helmet)
rElec   +          Harm     .   (no cloak)
rCorr   .          Rampage  .   (no gloves)
Will    .....                   h - +0 pair of boots
Stlth   ++........              (no amulet)
HPRegen 0.05/turn               g - +4 ring of evasion
MPRegen 0.09/turn               (no ring)

@: no status effects
A: sickness immunity, AC +2, negative energy resistance 1, electricity
resistance, torment resistance 1, petrification resistance
a: no special abilities


You were on level 2 of the Dungeon.
You visited 1 branch of the dungeon, and saw 2 of its levels.

You collected 44 gold pieces.

Inventory:

Hand Weapons
 d - a +0 whip
Missiles
 m - 4 poisoned darts
Armour
 a - a +0 robe (worn)
 c - a +0 kite shield
 h - a +0 pair of boots (worn)
Magical Staves
 k - a staff of earth (weapon)
Jewellery
 g - a +4 ring of evasion (left hand)
Scrolls
 f - 4 scrolls of identify {unknown}
 i - 2 scrolls of magic mapping {unknown}
 l - a scroll of butterflies {unknown}
Potions
 b - a potion of magic
 e - a potion of lignification {unknown}
 j - a potion of attraction {unknown}


   Skills:
 + Level 0.0 Fighting
 - Level 1.5 Dodging
 - Level 2.1 Stealth
 * Level 2.4 Spellcasting
 - Level 0.7 Transmutations
 * Level 4.1 Earth Magic


You had 4 spell levels left.
You knew the following spells:

 Your Spells              Type           Power      Damage    Failure   Level
a - Sandblast             Erth           42%        2d11      3%          1

Your spell library contained the following spells:

 Spells                   Type           Power      Damage    Failure   Level
 Passwall                 Tmut/Erth      10%        N/A       12%         2
 Stone Arrow              Conj/Erth      24%        3d8       26%         3
 Petrify                  Tmut/Erth      13%        N/A       61%         4


Dungeon Overview and Level Annotations

Branches:
Dungeon (2/15)

Altars:

Shops:
D:1 (


Innate Abilities, Weirdness & Mutations

You are immune to sickness and miasma.
Your stone body is resilient. (AC +2)
You are immune to poison.
You resist negative energy. (rN+)
You are resistant to electric shocks. (rElec)
You are resistant to unholy torment.
You are immune to petrification.


Message History

Aim: a hobgoblin (83% to hit)
You feel a surge of power!
The blast of sand hits the hobgoblin!
You kill the hobgoblin!
Your magical contamination has completely faded away.
Magic restored.
You now have 44 gold pieces (gained 9).
l - a scroll labelled LUR MEULIM
f - 3 scrolls labelled HUDDUE ROW JAI (gained 1)
Found 4 poisoned darts.
Found a scroll labelled HUDDUE ROW JAI.
A gnoll comes into view. It is wielding a +0 flail.
You see here 4 poisoned darts.
m - 4 poisoned darts A hobgoblin comes into view.
Found a stone staircase leading down.
You see here a scroll labelled HUDDUE ROW JAI.
f - 4 scrolls labelled HUDDUE ROW JAI (gained 1)
Aiming: Sandblast (safe; 3% risk of failure)
Press: ? - help, Q - select action, (/) - cycle Shift-Dir - straight line, f - gnoll
Aim: a gnoll, wielding a +0 flail (85% to hit)
You feel a surge of power!
The blast of sand hits the gnoll!
The gnoll is heavily wounded.
Aiming: Sandblast (safe; 3% risk of failure)
Press: ? - help, Q - select action, (/) - cycle Shift-Dir - straight line, f/p - gnoll
Aim: a gnoll, wielding a +0 flail (heavily wounded, 85% to hit)
You feel a surge of power!
The blast of sand misses the gnoll.
The hobgoblin shouts!
A gnoll comes into view. It is wielding a +0 flail.
The gnoll shouts!
You hit the gnoll but do no damage.
The gnoll is heavily wounded.
The gnoll hits you with a +0 flail.
You completely miss the gnoll.
The gnoll is heavily wounded.
The gnoll hits you with a +0 flail.
A gnoll comes into view. It is wielding a +0 club.
You barely miss the gnoll. You punch the gnoll.
The gnoll is severely wounded.
The gnoll hits you with a +0 flail.
You die...

..................
.#....###........##
#....# #.........
#.....##.......##
###..............
###............#
.............##..
#...............
#.....#.@.####.
#.....#.g.......
.................
.........g.....##
...#.#..g........
...#.###.....#.##
.. #. #.g...#...
#.>...# ..


You could see 3 gnolls and a hobgoblin.

Vanquished Creatures
  3 hobgoblins
  3 jackals (D:1)
  A quokka (D:1)
  3 ball pythons (D:1)
  2 bats (D:1)
  A rat (D:1)
13 creatures vanquished.

Notes
Turn   | Place    | Note
-------+----------+-------------------------------------------
     0 | D:1      | Edyrem the Gargoyle Earth Elementalist began the quest for
                  | the Orb.
     0 | D:1      | Reached XP level 1. HP: 10/10 MP: 3/3
   277 | D:1      | Found a faded altar of an unknown god.
   308 | D:1      | Reached XP level 2. HP: 15/15 MP: 0/5
   362 | D:1      | Found Vanem's Weapon Shop.
   395 | D:1      | Reached skill level 4 in Earth Magic
  1216 | D:2      | Slain by a gnoll

Illustrated notes

Levels and vault maps discovered:
D:1:      kennysheep_arrival_seaside, layout_basic,
          ebering_ecumenical_altar_petrified, serial_shops, shop_statue
D:2:      layout_basic, basic_altar, amcnicky_mini_corridor_feature,
          bh_walls_and_bars, uniq_terence, uniq_crazy_yiuf_cottage,
          uniq_natasha, uniq_sigmund

Skill      XL: |  1  2 |
---------------+-------+-----
Earth Magic    | 4 |  4.1
Dodging        | |  1.5
Stealth        | |  2.1
Spellcasting   | |  2.4
Transmutations | |  0.7

Action                   || total
-------------------------++-------
Melee: Staff             ||    10
       Whip              ||     5
       Punch             ||     2
 Cast: Sandblast         ||    14
Armor: Robe              ||     2
Dodge: Dodged            ||    12
